 Dungeon Crawl Stone Soup version 0.25-a0-647-gd602d06 (webtiles) character file.

Game seed: 17781780580302869262, levelgen mode: deterministic

274386 Faca the Slingshot (level 21, -7/153 HPs)
             Began as a Halfling Hunter on Mar 22, 2020.
             Was the Champion of Okawaru.
             Mangled by Mennas
             ... wielding a +3 trishula of holy wrath
              (15 damage)
             ... on level 2 of the Vaults.
             The game lasted 02:10:06 (52534 turns).

Faca the Slingshot (Halfling Hunter)               Turns: 52534, Time: 02:10:06

Health: -7/153     AC: 22    Str: 31    XL:     21   Next: 17%
Magic:  28/28      EV: 28    Int:  9    God:    Okawaru [******]
Gold:   2111       SH: 13    Dex: 24    Spells: 20/20 levels left

rFire    + . .     SeeInvis +   B - +7 quick blade of Wyrd {freeze, *Rage rPois Str+4 Dex+3}
rCold    . . .     Gourm    .   X - +3 buckler "Xereseax" {rF+}
rNeg     . . .     Faith    .   H - +0 acid dragon scales
rPois    +         Spirit   .   k - +2 helmet {SInv}
rElec    +         Reflect  .   R - +2 cloak {+Inv}
rCorr    +         Harm     .   C - +0 pair of gloves
MR       +....     Rnd*Rage +   P - +2 pair of boots
Stlth    +.........             D - amulet of regeneration
HPRegen  0.75/turn              a - ring "Ywnur" {Str+7 Stlth+}
MPRegen  0.21/turn              s - ring "Awkezeci" {rElec Dex+3}

@: berserk cooldown, slowed, glowing, studying Slings, silenced, very slow
A: small, mutation resistance 1
}: 2/15 runes: serpentine, barnacled
a: Renounce Religion, Evoke Invisibility


You were on level 2 of the Vaults.
You worshipped Okawaru.
Okawaru was exalted by your worship.
You were not hungry.

You visited 7 branches of the dungeon, and saw 34 of its levels.
You also visited: Gauntlet.

You collected 7255 gold pieces.
You spent 5144 gold pieces at shops.

Inventory:

Hand Weapons
 i - the +3 hunting sling of Kaipt {vorpal, MR+ Str+7 Int-3}
   (Okawaru gifted it to you on level 4 of the Snake Pit)

   Any stone fired from it inflicts extra damage.
   It affects your strength (+7).
   It affects your intelligence (-3).
   It affects your resistance to hostile enchantments.
 B - the +7 quick blade of Wyrd (weapon) {freeze, *Rage rPois Str+4 Dex+3}
   (You acquired it on level 6 of the Dungeon)

   It has been specially enchanted to freeze those struck by it, causing extra
   injury to most foes and up to half again as much damage against particularly
   susceptible opponents.
   It can also slow down cold-blooded creatures.
   It affects your strength (+4).
   It affects your dexterity (+3).
   It protects you from poison.
   It may make you go berserk in combat.
Missiles
 d - 639 sling bullets
 g - 829 stones (quivered)
 I - 15 throwing nets
Armour
 k - a +2 helmet of see invisible (worn)
 r - the +0 kite shield "Itu Diadgh" {rC+ MP-9 Slay+2 SInv}
   (Okawaru gifted it to you on level 1 of the Vaults)

   It affects your accuracy and damage with ranged weapons and melee attacks
   (+2).
   It protects you from cold.
   It affects your magic capacity (-9).
   It lets you see invisible.
 C - a +0 pair of gloves (worn)
 H - +0 acid dragon scales (worn)
 K - a scarf of resistance
 P - a +2 pair of boots (worn)
 R - a +2 cloak of invisibility (worn)
 X - the +3 buckler "Xereseax" (worn) {rF+}
   (Okawaru gifted it to you on level 1 of the Snake Pit)

   It protects you from fire.
Jewellery
 a - the ring "Ywnur" (left hand) {Str+7 Stlth+}
   (You bought it in a shop on level 3 of the Snake Pit)

   [ring of stealth]

   It affects your strength (+7).
   It makes you more stealthy.
 l - an uncursed amulet of faith
 s - the ring "Awkezeci" (right hand) {rElec Dex+3}
   (You acquired it on level 3 of the Lair of Beasts)

   [ring of dexterity]

   It affects your dexterity (+3).
   It insulates you from electricity.
 t - a +3 amulet of reflection
 D - an amulet of regeneration (around neck)
 F - an uncursed ring of protection from magic
Wands
 M - a wand of digging (22)
 T - a wand of clouds (4)
Scrolls
 b - 5 scrolls of enchant weapon
 j - 13 scrolls of remove curse
 n - a scroll of brand weapon
 o - 5 scrolls of immolation
 p - 4 scrolls of magic mapping
 q - 10 scrolls of enchant armour
 y - a scroll of torment
 z - 11 scrolls of teleportation
 E - 8 scrolls of fear
 G - 5 scrolls of fog
 L - a scroll of holy word
 O - 8 scrolls of blinking
 V - 13 scrolls of identify
Potions
 c - 3 potions of cancellation
 e - 5 potions of mutation
 h - 6 potions of haste
 m - 2 potions of berserk rage
 u - 11 potions of curing
 v - 7 potions of lignification
 w - 3 potions of resistance
 A - 2 potions of invisibility
 N - a potion of might
 S - 4 potions of flight
 U - a potion of ambrosia
Books
 x - a manual of Slings
Comestibles
 f - 37 rations
 Q - a chunk of flesh


   Skills:
 + Level 16.1 Fighting
 - Level 16.0 Short Blades
 + Level 23.6 Slings
 + Level 13.2 Armour
 + Level 13.3 Dodging
 - Level 1.1 Stealth
 + Level 12.4 Shields
 - Level 10.0 Invocations


You had 20 spell levels left.
You didn't know any spells.
Your spell library contained the following spells:

 Spells                   Type           Power        Failure   Level  Hunger
 Animate Skeleton         Necr           N/A          41%         1    ##.....
 Apportation              Tloc           #.....       41%         1    ##.....
 Beastly Appendage        Tmut           #.....       41%         1    ##.....
 Corona                   Hex            #......      41%         1    ##.....
 Freeze                   Ice            #...         41%         1    ##.....
 Pain                     Necr           #...         41%         1    ##.....
 Sandblast                Erth           #.....       41%         1    ##.....
 Summon Small Mammal      Summ           #...         41%         1    ##.....
 Call Imp                 Summ           #.......     56%         2    ###....
 Corpse Rot               Necr/Air       N/A          56%         2    ###....
 Ensorcelled Hibernation  Hex/Ice        #.....       56%         2    ###....
 Passwall                 Tmut/Erth      #.......     56%         2    ###....
 Sticks to Snakes         Tmut           #.......     56%         2    ###....
 Sublimation of Blood     Necr           #.........   56%         2    ###....
 Swiftness                Chrm/Air       #.......     56%         2    ###....
 Call Canine Familiar     Summ           #.......     80%         3    ####...
 Frozen Ramparts          Ice            #.....       80%         3    ####...
 Gell's Gravitas          Tloc           #.........   80%         3    ####...
 Mephitic Cloud           Conj/Pois/Air  #.......     80%         3    ####...
 Ozocubu's Armour         Chrm/Ice       #.......     80%         3    ####...
 Portal Projectile        Hex/Tloc       #.....       80%         3    ####...
 Recall                   Summ/Tloc      N/A          80%         3    ####...
 Spider Form              Tmut/Pois      #.........   80%         3    ####...
 Stone Arrow              Conj/Erth      #.....       80%         3    ####...
 Summon Guardian Golem    Hex/Summ       #.......     80%         3    ####...
 Teleport Other           Tloc           #.......     80%         3    ####...
 Vampiric Draining        Necr           #.........   80%         3    ####...
 Animate Dead             Necr           N/A          99%         4    #####..
 Dispel Undead            Necr           #.......     99%         4    #####..
 Hailstorm                Conj/Ice       #.......     99%         4    #####..
 Ice Form                 Ice/Tmut       #.......     99%         4    #####..
 Leda's Liquefaction      Hex/Erth       #.........   99%         4    #####..
 Summon Ice Beast         Ice/Summ       #.......     99%         4    #####..
 Summon Lightning Spire   Summ/Air       #.......     99%         4    #####..
 Agony                    Necr           #.......     100%        5    ######.
 Blade Hands              Tmut           #.........   100%        5    ######.
 Bolt of Magma            Conj/Fire/Erth #.........   100%        5    ######.
 Borgnjor's Vile Clutch   Necr/Erth      #.........   100%        5    ######.
 Excruciating Wounds      Chrm/Necr      #.........   100%        5    ######.
 Iskenderun's Battlesphe  Conj/Chrm      #.......     100%        5    ######.
 Lightning Bolt           Conj/Air       #.........   100%        5    ######.
 Summon Forest            Summ/Tloc      #.........   100%        5    ######.
 Death Channel            Necr           #.........   100%        6    #######
 Deflect Missiles         Chrm/Air       #.........   100%        6    #######
 Dispersal                Tloc           #.........   100%        6    #######
 Eringya's Noxious Bog    Tmut/Pois      #.........   100%        6    #######
 Hydra Form               Tmut           #.........   100%        6    #######
 Iron Shot                Conj/Erth      #.........   100%        6    #######
 Simulacrum               Ice/Necr       #.........   100%        6    #######
 Statue Form              Tmut/Erth      #........    100%        6    #######
 Malign Gateway           Summ/Tloc      #.........   100%        7    #######
 Orb of Destruction       Conj           #.........   100%        7    #######
 Spellforged Servitor     Conj/Summ      #.........   100%        7    #######
 Summon Hydra             Summ           #.........   100%        7    #######
 Controlled Blink         Tloc           N/A          100%        8    #######
 Disjunction              Tloc           #.........   100%        8    #######
 Shatter                  Erth           #.........   100%        9    #######


Dungeon Overview and Level Annotations

Branches:
Dungeon (15/15)            Temple (1/1) D:6            Lair (6/6) D:8
 Shoals (4/4) Lair:2        Snake (4/4) Lair:4        Slime (0/5) Lair:6
    Orc (2/2) D:10            Elf (0/3) Orc:2        Vaults (2/5) D:13
 Depths (0/5) D:15        Gauntlet (visited)
  Crypt: Vaults:2-3

Altars:
Ashenzari
Cheibriados
Dithmenos
Elyvilon
Fedhas
Gozag
Hepliaklqana
Kikubaaqudgha
Makhleb
Nemelex Xobeh
Okawaru
Qazlal
Ru
Sif Muna
Uskayaw
Vehumet
Wu Jian
Xom
Yredelemnul
Zin
The Shining One
Jiyva

Shops:
D:7 *   Orc:2 ?[:=   Snake:2 :   Snake:3 ==}=   Snake:4 }

Annotations:
D:12 1 runed translucent door
Vaults:2 Mennas


Innate Abilities, Weirdness & Mutations

You are small and have problems with some larger weapons.
You are somewhat resistant to further mutation.


Message History

Okay, then.
The centaur warrior shoots an arrow.
You block the arrow.
The centaur warrior shoots an arrow.
The arrow hits you!
* * * LOW HITPOINT WARNING * * *
You block Mennas's attack.
Mennas hits you from afar with a +3 trishula of holy wrath!
* * * LOW HITPOINT WARNING * * *
The centaur warrior shoots an arrow.
The arrow hits you.
* * * LOW HITPOINT WARNING * * *
You see here 3 arrows.
Mennas barely misses you. Mennas hits you but does no damage.
The centaur warrior shoots an arrow.
The arrow misses you.
Mennas hits you from afar with a +3 trishula of holy wrath!
* * * LOW HITPOINT WARNING * * *
Mennas completely misses you.
The centaur warrior shoots an arrow.
The arrow hits you!
* * * LOW HITPOINT WARNING * * *
You see here an arrow.
Mennas hits you from afar with a +3 trishula of holy wrath!
You die...

#......#........ #.)....#...^....
#......#........ #(.....#........
. #......#........ .#
#..(...#........ .#
#..c.#####+###+#
.#################A.(.#.....##...
................@..(..#.....##...
.................((...#.....##...
......................#.....##...
......................#.....#####
.#######'#########....#.....#####
.# #............#....#..........
.# #............#.^..#..........
.# #..........[.#....#...#..#...
.# #............#....#.....#...#


You could see Mennas and a centaur warrior.

Vanquished Creatures
  Jorgrun (D:13)
  Rupert (D:13)
  A kraken (Shoals:3)
  A shadow dragon (shapeshifter) (Vaults:2)
  6 nagarajas (Snake:4)
  An iron dragon (Vaults:1)
  Aizul (Vaults:2)
  A deep elf sorcerer (Vaults:2)
  4 vault wardens
  A frost giant (Shoals:4)
  4 ironheart preservers
  An entropy weaver (Vaults:1)
  A stone giant (Vaults:1)
  Azrael (Orc:2)
  A minotaur (Gauntlet)
  A fire dragon (Lair:6)
  Snorg (Lair:4)
  2 merfolk javelineers
  10 merfolk impalers
  4 yaktaur captains
  Erolcha (D:11)
  A rakshasa (D:15)
  Fannar (Lair:1)
  14 naga warriors
  Harold (D:8)
  A great orb of eyes (Vaults:1)
  12 anacondas
  2 ice dragons (Vaults:2)
  4 catoblepae
  9 centaur warriors
  2 hydras
  3 merfolk avatars
  A death knight (D:10)
  A merfolk aquamancer (Shoals:4)
  3 ogre magi
  Erica (D:11)
  An alligator (shapeshifter) (D:15)
  A tengu warrior (D:14)
  4 death yaks
  3 satyrs
  15 shock serpents
  10 two-headed ogres
  3 orc high priests (Orc:2)
  18 naga sharpshooters
  Urug (D:12)
  Sonja (Lair:4)
  2 deep elf knights
  Nergalle (D:11)
  A shadow wraith (Vaults:1)
  6 skeletal warriors
  6 unseen horrors
  5 salamander mystics
  2 fire crabs
  A glowing orange brain (D:15)
  3 wizards (Vaults:1)
  8 sea snakes
  A flayed ghost (Vaults:2)
  5 ironbrand convokers
  10 naga ritualists
  Pikel (D:3)
  10 harpies
  A deep elf archer (Vaults:1)
  2 orb spiders (shapeshifter)
  14 orc knights
  21 ugly things
  8 deep elf magi
  3 wolf spiders (Vaults:2)
  12 fauns
  11 mana vipers
  An oklob plant (Shoals:3)
  A shining eye (shapeshifter) (Vaults:1)
  16 cyclopes
  9 salamanders
  6 orc sorcerers
  14 manticores
  3 centaur zombies
  4 vault sentinels
  4 water nymphs
  Maggie (D:7)
  2 guardian serpents (Snake:2)
  24 naga magi
  14 merfolk sirens
  3 molten gargoyles (Lair:6)
  2 gargoyles
  37 black mambas
  5 centaur skeletons
  A storm dragon simulacrum (Vaults:2)
  5 spiny frogs
  A redback zombie (D:7)
  6 komodo dragons
  15 yaktaurs
  5 rime drakes
  A polar bear (Lair:3)
  2 hellwings
  13 trolls
  A polar bear (shapeshifter) (Vaults:1)
  2 freezing wraiths
  2 tengu conjurers (D:14)
  A jumping spider (Vaults:1)
  6 wind drakes
  26 merfolk
  2 raiju (Vaults:1)
  2 hornets (Vaults:1)
  Prince Ribbit (D:7)
  3 dream sheep (Shoals:1)
  2 hornets (shapeshifter)
  31 slime creatures
  4 snapping turtles
  A centaur simulacrum (Gauntlet)
  10 hippogriffs
  Sigmund (D:5)
  An air elemental (Vaults:1)
  7 shadows
  Eustachio (D:4)
  7 wyverns
  A wyvern (shapeshifter) (Vaults:2)
  A redback (Vaults:1)
  2 wraiths (Vaults:1)
  32 yaks
  4 hogs (D:7)
  2 fire bats (Gauntlet)
  4 fire elementals
  Grum (D:8)
  17 humans
  5 basilisks
  A golden eye (shapeshifter) (Vaults:1)
  A human (shapeshifter) (D:15)
  Menkaure (D:7)
  A yaktaur simulacrum (Vaults:1)
  3 hungry ghosts
  6 steam dragons
  2 wargs
  2 vampire mosquitoes (D:13)
  A harpy simulacrum (Gauntlet)
  Duvessa (D:7)
  48 nagas
  4 acid dragons
  23 water moccasins
  6 hell hounds
  11 porcupines
  A meliai simulacrum (Gauntlet)
  3 ice beasts
  2 black bears
  33 orc warriors
  A sky beast (Vaults:1)
  3 eyes of draining
  5 phantoms
  An ice dragon simulacrum (Gauntlet)
  18 ogres
  A boggart (Vaults:2)
  47 wolves
  31 centaurs
  11 crocodiles
  3 big kobolds
  20 bullfrogs
  2 earth elementals (Vaults:1)
  Dowan (D:7)
  A wyvern skeleton (D:12)
  6 scorpions
  11 killer bees
  18 wights
  4 howler monkeys
  7 electric eels
  7 crimson imps
  4 lava snakes (Lair:6)
  A human simulacrum (Vaults:1)
  A quasit (D:11)
  A bullfrog zombie (D:10)
  4 hounds
  4 jellies
  18 orc priests
  25 orc wizards
  2 bullfrog skeletons
  Natasha (thrice) (D:3)
  9 worker ants
  4 lightning spires (Vaults:1)
  A hound skeleton (D:11)
  A worker ant zombie (D:11)
  13 adders
  4 gnolls (D:3)
  A howler monkey skeleton (D:4)
  8 shadow imps
  An ooze (D:2)
  An adder skeleton (D:5)
  4 worms
  2 ball lightnings (Vaults:1)
  6 leopard geckos
  92 orcs
  11 bats
  11 giant cockroaches
  4 goblins
  11 hobgoblins
  19 jackals
  24 kobolds
  10 quokkas
  3 frilled lizards
  2 gnoll zombies (D:9)
  A leopard gecko skeleton (D:5)
  3 leopard gecko zombies
  A quokka skeleton (D:5)
  6 rats
  3 tentacles (Shoals:3)
  A withered plant (D:7)
1335 creatures vanquished.

Vanquished Creatures (others)
  2 centaurs (Vaults:1)
  An orc wizard (Orc:2)
  3 demonic plants (Gauntlet)
  8 fungi
  28 plants
  9 tentacles (Shoals:3)
51 creatures vanquished.

Grand Total: 1386 creatures vanquished

Notes
Turn   | Place    | Note
-------+----------+-------------------------------------------
     0 | D:1      | Faca the Halfling Hunter began the quest for the Orb.
     0 | D:1      | Reached XP level 1. HP: 14/14 MP: 1/1
   276 | D:1      | Reached skill level 6 in Slings
   411 | D:1      | Reached XP level 2. HP: 16/19 MP: 2/2
   499 | D:1      | Reached skill level 1 in Short Blades
   945 | D:1      | Reached XP level 3. HP: 24/24 MP: 3/3
  1917 | D:2      | Reached XP level 4. HP: 30/30 MP: 4/4
  1936 | D:2      | Found a shattered altar of Ashenzari.
  2586 | D:3      | Reached XP level 5. HP: 27/36 MP: 5/5
  2591 | D:3      | Reached skill level 7 in Slings
  2925 | D:3      | Noticed an ice beast
  2983 | D:3      | Killed an ice beast
  2983 | D:3      | Reached XP level 6. HP: 18/42 MP: 6/6
  3177 | D:3      | Noticed Natasha
  3197 | D:3      | Killed Natasha
  3508 | D:3      | Noticed Natasha
  3541 | D:3      | Killed Natasha
  3541 | D:3      | Reached skill level 8 in Slings
  3747 | D:3      | Noticed Natasha
  3756 | D:3      | Killed Natasha
  3756 | D:3      | Reached XP level 7. HP: 47/47 MP: 7/7
  4321 | D:4      | Found a blossoming altar of Fedhas.
  4442 | D:4      | Noticed Pikel
  4601 | D:3      | Killed Pikel
  4601 | D:3      | Reached skill level 5 in Short Blades
  4601 | D:3      | Reached skill level 9 in Slings
  4601 | D:3      | Reached XP level 8. HP: 21/54 MP: 8/8
  5159 | D:4      | Reached skill level 5 in Fighting
  5405 | D:5      | Entered Level 5 of the Dungeon
  5467 | D:4      | HP: 2/55 [poisoned by a killer bee]
  6435 | D:4      | Reached skill level 10 in Slings
  6997 | D:5      | Reached XP level 9. HP: 35/62 MP: 9/9
  6998 | D:5      | Noticed Eustachio
  7172 | D:4      | Killed Eustachio
  7972 | D:5      | Noticed a cyclops
  7992 | D:5      | Killed a cyclops
  7992 | D:5      | Reached skill level 11 in Slings
  8261 | D:5      | Noticed Sigmund
  8276 | D:5      | Killed Sigmund
  8927 | D:6      | Reached XP level 10. HP: 53/71 MP: 10/10
  8939 | D:6      | Reached skill level 12 in Slings
  9159 | D:6      | Found a staircase to the Ecumenical Temple.
  9164 | D:6      | Found a glowing golden altar of the Shining One.
  9235 | Temple   | Entered the Ecumenical Temple
  9304 | Temple   | Became a worshipper of Warmaster Okawaru
  9456 | D:6      | Identified a scroll of acquirement
  9456 | D:6      | Identified the +7 quick blade of Wyrd {freeze, *Rage rPois
                  | Str+4 Dex+3} (You acquired it on level 6 of the Dungeon)
  9503 | D:6      | Reached * piety under Okawaru
  9696 | D:7      | Reached skill level 10 in Short Blades
  9707 | D:7      | Reached skill level 13 in Slings
  9866 | D:7      | Reached ** piety under Okawaru
 10007 | D:7      | Noticed Prince Ribbit
 10031 | D:7      | Reached *** piety under Okawaru
 10031 | D:7      | Reached XP level 11. HP: 78/78 MP: 11/11
 10037 | D:7      | Killed Prince Ribbit
 10044 | D:7      | Received a gift from Okawaru
 10230 | D:7      | Found a hide-covered altar of Uskayaw.
 10517 | D:7      | Found Kerghuff's General Store.
 10517 | D:7      | Noticed Duvessa
 10520 | D:7      | Noticed Maggie
 10522 | D:7      | Noticed Dowan
 10526 | D:7      | Killed Duvessa
 10526 | D:7      | Reached skill level 14 in Slings
 10530 | D:7      | Noticed Menkaure
 10552 | D:7      | Killed Maggie
 10552 | D:7      | Received a gift from Okawaru
 10609 | D:7      | Killed Dowan
 10620 | D:7      | Killed Menkaure
 10695 | D:7      | Found a stormy altar of Qazlal.
 10705 | D:7      | Found a snail-covered altar of Cheibriados.
 10756 | D:7      | Reached **** piety under Okawaru
 10884 | D:7      | Found an opulent altar of Gozag.
 10885 | D:7      | Found a sparkling altar of Nemelex Xobeh.
 11238 | D:8      | Noticed a two-headed ogre
 11262 | D:8      | Killed a two-headed ogre
 11262 | D:8      | Received a gift from Okawaru
 11321 | D:8      | Noticed Harold
 11354 | D:8      | Killed Harold
 11354 | D:8      | Received a gift from Okawaru
 11548 | D:8      | Found a staircase to the Lair.
 11623 | D:8      | Noticed Grum
 11651 | D:8      | Killed Grum
 12007 | D:8      | Reached skill level 15 in Slings
 12239 | D:9      | Received a gift from Okawaru
 12298 | D:9      | Noticed a two-headed ogre
 12311 | D:9      | Killed a two-headed ogre
 12311 | D:9      | Reached skill level 1 in Armour
 12311 | D:9      | Reached XP level 12. HP: 87/87 MP: 12/12
 12370 | D:9      | Found a basalt altar of Yredelemnul.
 12771 | D:10     | Entered Level 10 of the Dungeon
 12781 | D:10     | Found a staircase to the Orcish Mines.
 12815 | D:10     | Found Xiseuve Imit's Magic Scroll Boutique.
 12830 | D:10     | Bought a scroll of torment for 90 gold pieces
 12840 | D:10     | Bought a scroll of blinking for 90 gold pieces
 13200 | D:10     | Reached skill level 10 in Fighting
 13273 | D:10     | Found an opulent altar of Gozag.
 13923 | D:11     | Noticed a skeletal warrior
 13956 | D:11     | Killed a skeletal warrior
 13964 | D:11     | Noticed Erolcha
 13965 | D:11     | Noticed a skeletal warrior
 13966 | D:11     | Noticed a death knight
 14207 | D:10     | Killed a death knight
 14447 | D:11     | Killed a skeletal warrior
 14447 | D:11     | Reached ***** piety under Okawaru
 14466 | D:11     | Paralysed by Erolcha for 5 turns
 14472 | D:11     | Paralysed by Erolcha for 4 turns
 14668 | D:11     | Paralysed by Erolcha for 2 turns
 14678 | D:11     | Killed Erolcha
 15157 | D:11     | Reached skill level 5 in Dodging
 15365 | D:11     | Noticed Nergalle
 15387 | D:11     | Killed Nergalle
 15453 | D:11     | Noticed Erica
 15464 | D:11     | Killed Erica
 15464 | D:11     | Received a gift from Okawaru
 15464 | D:11     | Reached skill level 16 in Slings
 15464 | D:11     | Reached XP level 13. HP: 93/93 MP: 13/13
 15738 | D:12     | Found a gate leading to a gauntlet.
 15746 | Gauntlet | Entered a Gauntlet
 15746 | Gauntlet | Found a transporter.
 15746 | Gauntlet | Found a transporter.
 15755 | Gauntlet | Found a transporter.
 15767 | Gauntlet | Found a transporter.
 15781 | Gauntlet | Found a transporter.
 15794 | Gauntlet | Found a transporter.
 15811 | Gauntlet | Found a transporter.
 15885 | Gauntlet | Found a transporter.
 15895 | Gauntlet | Found a transporter.
 15905 | Gauntlet | Found a transporter.
 15908 | Gauntlet | Found the ring of Shadows {Umbra +Inv Stlth+}
 15930 | Gauntlet | Found a transporter.
 15937 | Gauntlet | Found a transporter.
 15954 | Gauntlet | Found a transporter.
 15963 | Gauntlet | Found a transporter.
 16008 | Gauntlet | Found a transporter.
 16023 | Gauntlet | Found a transporter.
 16133 | Gauntlet | Reached skill level 5 in Armour
 16218 | Gauntlet | Identified Suwk's Volume of Dislocated Summoning
 16290 | Gauntlet | Got a warped hat
 16339 | Gauntlet | Identified the +2 hat "Fodagg" {rPois} (You found it in a
                  | Gauntlet)
 16425 | Gauntlet | Noticed a minotaur
 16466 | Gauntlet | Killed a minotaur
 16948 | D:12     | Noticed Urug
 16965 | D:12     | Killed Urug
 16976 | D:12     | Found a runed translucent door.
 16976 | D:12     | Noticed a war gargoyle
 16976 | D:12     | Noticed a frost giant
 16976 | D:12     | Noticed a stone giant
 17615 | Lair:1   | Entered Level 1 of the Lair of Beasts
 17638 | Lair:1   | Noticed Fannar
 17768 | Lair:1   | Killed Fannar
 18394 | Lair:1   | Received a gift from Okawaru
 19430 | Lair:2   | Reached XP level 14. HP: 90/101 MP: 14/14
 19561 | Lair:2   | You fall into a shaft and drop 2 floors!
 19563 | Lair:4   | Reached skill level 17 in Slings
 19683 | Lair:4   | Noticed Snorg
 19706 | Lair:4   | Killed Snorg
 20029 | Lair:3   | Identified the +2 cloak "Ferig" {rF+ rC- Str+10} (You
                  | acquired it on level 3 of the Lair of Beasts)
 20029 | Lair:3   | Identified the ring "Awkezeci" {rElec Dex+3} (You acquired
                  | it on level 3 of the Lair of Beasts)
 20241 | Lair:2   | Found a staircase to the Shoals.
 21554 | Lair:3   | Received a gift from Okawaru
 21557 | Lair:3   | Got an ancient animal skin {god gift}
 21569 | Lair:3   | Identified the +1 animal skin of Recklessness {rC+ rN+
                  | Slay-3} (Okawaru gifted it to you on level 3 of the Lair of
                  | Beasts)
 22093 | Lair:4   | Noticed Sonja
 22111 | Lair:4   | Killed Sonja
 22433 | Lair:4   | Found a staircase to the Snake Pit.
 24095 | Lair:6   | Entered Level 6 of the Lair of Beasts
 25027 | Lair:6   | Reached XP level 15. HP: 108/108 MP: 15/15
 25095 | Lair:6   | Found a viscous altar of Jiyva.
 25096 | Lair:6   | Found a staircase to the Slime Pits.
 25314 | Lair:6   | Found a large runed translucent door.
 25314 | Lair:6   | Found a large runed translucent door.
 25404 | Lair:6   | Received a gift from Okawaru
 25480 | Lair:6   | Reached skill level 18 in Slings
 25865 | Lair:6   | Reached skill level 15 in Short Blades
 26521 | Orc:1    | Entered Level 1 of the Orcish Mines
 26900 | Orc:2    | Entered Level 2 of the Orcish Mines
 26998 | Orc:2    | Noticed Azrael
 27315 | Orc:2    | Killed Azrael
 27725 | Orc:2    | Found a staircase to the Elven Halls.
 27830 | Orc:2    | Found Dyenytuc's Magic Scroll Shop.
 27886 | Orc:2    | Received a gift from Okawaru
 27950 | Orc:2    | Found Ogav's Book Emporium.
 27990 | Orc:2    | Received a gift from Okawaru
 28560 | Orc:2    | Reached skill level 10 in Dodging
 28572 | Orc:2    | Received a gift from Okawaru
 28598 | Orc:2    | Got a faintly glowing hat {god gift}
 28609 | Orc:2    | Identified the +0 hat of the Foremost Coins {Regen+ rCorr
                  | MP+9 Int-4} (Okawaru gifted it to you on level 2 of the
                  | Orcish Mines)
 29000 | Orc:2    | Found Iref's Jewellery Emporium.
 29019 | Orc:2    | Found Anoh's Armour Shop.
 29052 | Orc:2    | Bought a cursed ring of attention for 81 gold pieces
 29168 | D:10     | Bought a scroll of acquirement for 624 gold pieces
 29168 | D:10     | Identified the ring of Xom's Wantonness {*Corrode *Drain
                  | rElec rN+ Int+9} (You acquired it on level 10 of the
                  | Dungeon)
 29170 | D:10     | Bought a scroll of teleportation for 36 gold pieces
 29170 | D:10     | Bought a scroll of blinking for 90 gold pieces
 29170 | D:10     | Bought a scroll of enchant armour for 90 gold pieces
 29170 | D:10     | Bought a scroll of fog for 24 gold pieces
 29170 | D:10     | Bought a scroll of fog for 24 gold pieces
 29170 | D:10     | Bought a scroll of amnesia for 42 gold pieces
 29547 | D:13     | Reached skill level 10 in Armour
 30094 | D:13     | Noticed Rupert
 30126 | D:13     | Killed Rupert
 30393 | D:13     | Reached XP level 16. HP: 96/116 MP: 16/16
 30619 | D:13     | Found a gate to the Vaults.
 30661 | D:13     | Received a gift from Okawaru
 30842 | D:13     | Noticed Jorgrun
 30868 | D:13     | Killed Jorgrun
 30868 | D:13     | Reached ****** piety under Okawaru
 31455 | D:13     | Received a gift from Okawaru
 31455 | D:13     | Reached skill level 19 in Slings
 31854 | D:14     | Received a gift from Okawaru
 32701 | D:14     | Found a shimmering altar of Xom.
 33138 | D:15     | Entered Level 15 of the Dungeon
 33171 | D:15     | Reached skill level 1 in Shields
 33468 | D:15     | Found a snail-covered altar of Cheibriados.
 33574 | D:15     | Identified the Disquisition on the Dislocated Snowflakes
 34106 | D:15     | Found a sacrificial altar of Ru.
 34225 | D:15     | Found a staircase to the Depths.
 35012 | Snake:1  | Entered Level 1 of the Snake Pit
 35227 | Snake:1  | Received a gift from Okawaru
 35232 | Snake:1  | Reached XP level 17. HP: 123/123 MP: 7/17
 35235 | Snake:1  | Got an ancient buckler {god gift}
 35302 | Snake:1  | Identified the +3 buckler "Xereseax" {rF+} (Okawaru gifted
                  | it to you on level 1 of the Snake Pit)
 36324 | Snake:2  | Found Xastiraw's Book Boutique.
 36624 | Snake:2  | Reached skill level 20 in Slings
 36737 | Snake:2  | Reached skill level 5 in Shields
 36941 | Snake:2  | Reached skill level 1 in Invocations
 37104 | Snake:2  | Received a gift from Okawaru
 38089 | Snake:3  | Found Abouxun's Jewellery Boutique.
 38092 | Snake:3  | Bought an uncursed ring of protection from magic for 375
                  | gold pieces
 38092 | Snake:3  | Bought an uncursed ring of protection from cold for 375
                  | gold pieces
 38092 | Snake:3  | Bought an uncursed amulet of the gourmand for 450 gold
                  | pieces
 38711 | Snake:3  | Received a gift from Okawaru
 39080 | Snake:3  | Reached XP level 18. HP: 131/131 MP: 21/21
 39385 | Snake:3  | Found Moizxig's Jewellery Boutique.
 39385 | Snake:3  | Found Iduerin's Gadget Shoppe.
 39386 | Snake:3  | Found Wyzol's Jewellery Boutique.
 39397 | Snake:3  | Bought an uncursed amulet of harm for 420 gold pieces
 39397 | Snake:3  | Bought an uncursed amulet of faith for 560 gold pieces
 39399 | Snake:3  | Bought the ring "Ywnur" {Str+7 Stlth+} for 548 gold pieces
 39402 | Snake:3  | Bought an uncursed amulet of regeneration for 420 gold
                  | pieces
 39411 | Snake:3  | Bought an uncursed amulet of magic regeneration for 420
                  | gold pieces
 39411 | Snake:3  | Bought an uncursed ring of resist corrosion for 280 gold
                  | pieces
 39700 | Snake:4  | Entered Level 4 of the Snake Pit
 39777 | Snake:4  | Received a gift from Okawaru
 39781 | Snake:4  | Got an ivory hunting sling {god gift}
 39784 | Snake:4  | Identified the +3 hunting sling of Kaipt {vorpal, MR+ Str+7
                  | Int-3} (Okawaru gifted it to you on level 4 of the Snake
                  | Pit)
 39978 | Snake:4  | Reached skill level 5 in Invocations
 40241 | Snake:4  | Found Qafeedom's Gadget Shop.
 40398 | Snake:4  | Received a gift from Okawaru
 40628 | Snake:4  | Reached skill level 21 in Slings
 41062 | Snake:4  | Received a gift from Okawaru
 41185 | Snake:4  | Received a gift from Okawaru
 41188 | Snake:4  | Got an ichor-stained fustibalus {god gift}
 41189 | Snake:4  | Identified the +0 fustibalus "Ecegh" {vorpal, +Inv MR-
                  | Str-2 Dex+6} (Okawaru gifted it to you on level 4 of the
                  | Snake Pit)
 41768 | Snake:4  | Got a serpentine rune of Zot
 42036 | Shoals:1 | Entered Level 1 of the Shoals
 42218 | Shoals:1 | Reached XP level 19. HP: 137/137 MP: 24/24
 42731 | Shoals:1 | Received a gift from Okawaru
 42835 | Shoals:1 | Received a gift from Okawaru
 43983 | Shoals:3 | Reached skill level 15 in Fighting
 44016 | Shoals:3 | Reached skill level 10 in Shields
 44035 | Shoals:3 | Received a gift from Okawaru
 44049 | Shoals:3 | Identified the +2 plate armour of Sanor {rC+ Int+3}
                  | (Okawaru gifted it to you on level 3 of the Shoals)
 44512 | Shoals:3 | Found an ornate altar of the Wu Jian Council.
 44602 | Shoals:4 | Entered Level 4 of the Shoals
 44733 | Shoals:4 | Reached skill level 22 in Slings
 45815 | Shoals:4 | Got a barnacled rune of Zot
 47085 | D:7      | Bought a scroll of blinking for 105 gold pieces
 47199 | Vaults:1 | Entered Level 1 of the Vaults
 47234 | Vaults:1 | Received a gift from Okawaru
 47237 | Vaults:1 | Got a bloodstained kite shield {god gift}
 47257 | Vaults:1 | Identified the +0 kite shield "Itu Diadgh" {rC+ MP-9 Slay+2
                  | SInv} (Okawaru gifted it to you on level 1 of the Vaults)
 47368 | Vaults:1 | Reached XP level 20. HP: 139/146 MP: 27/27
 47603 | Vaults:1 | Reached skill level 10 in Invocations
 49572 | Vaults:1 | Received a gift from Okawaru
 49984 | Vaults:1 | Identified Roxanne's Reference Book on the Rocks
 50069 | Vaults:1 | Identified Joiplaf's Incunabulum of the Birds
 50175 | Vaults:1 | Reached skill level 23 in Slings
 50749 | Vaults:2 | Found a white marble altar of Elyvilon.
 51455 | Vaults:2 | Received a gift from Okawaru
 51504 | Vaults:2 | Reached XP level 21. HP: 44/153 MP: 28/28
 52007 | Vaults:2 | Noticed Aizul
 52042 | Vaults:2 | Killed Aizul
 52516 | Vaults:2 | Noticed Mennas
 52533 | Vaults:2 | HP: 7/153 [centaur warrior/arrow (14)]
 52534 | Vaults:2 | Mangled by Mennas

Levels and vault maps discovered:
D:1:      dpeg_arrival_simpleton_b, layout_basic
D:2:      layout_rooms, kennysheep_minor_cross, ashenzari_altar_1
D:3:      layout_loops_ring, minmay_close_crescents, uniq_natasha
D:4:      layout_gridville, lemuel_crystal_altar, uniq_pikel
D:5:      layout_gridville, first_ration, nzn_random_ring, uniq_eustachio,
          uniq_sigmund
D:6:      layout_rooms, lemuel_crystal_altar, minmay_temple_entry_trees
D:7:      cheibrodos_grave_circle, layout_rooms, grunt_temple_overflow_opulence,
          eat_drink_and_be_merry_uskayaw, amethyst_overflow_temple_binary,
          serial_shops, shop, grunt_livestock, uniq_menkaure, uniq_maggie,
          uniq_prince_ribbit1, uniq_duvessa
D:8:      layout_basic, lair_entry_dummy, uniq_harold, uniq_grum
D:9:      layout_irregular_city, lemuel_zombie_altar_yredelemnul
D:10:     layout_stronghold, orc_0_dummy, serial_shops, nicolae_shop_waterfront,
          basic_altar
D:11:     layout_loops_ring, uniq_erolcha, uniq_erica, uniq_nergalle
D:12:     layout_gridville, gauntlet_entry_generic, kennysheep_treasure_room,
          uniq_urug
D:13:     wad_woods_pond, layout_irregular_city, david_vaults_3,
          lemuel_nasty_fountain, uniq_jorgrun
D:14:     layout_grid_maze, xom_redecorated, special_room [special_room_orc],
          kennysheep_boxes
D:15:     gammafunk_enter_depths_forms, layout_layer_cave, cheibriados_altar_1,
          basic_altar, serial_bayou_lagoon_a, drop_trap
Temple:   eino_narrow_crystal_temple
Lair:1:   layout_gridlike, serial_bayou_ford_a, grunt_forest_large_clearings,
          serial_bayou_shore_a, grunt_megastairs_4, serial_bayou_shore_b,
          uniq_fannar
Lair:2:   layout_misc_corridors, shoals_dummy_entry
Lair:3:   layout_small_grid, kennysheep_catoblepas_arena
Lair:4:   layout_gridlike, minmay_snake_entry_six_corridors, uniq_sonja,
          uniq_snorg
Lair:5:   layout_cave_pods
Lair:6:   cheibrodos_lair_end_hotspot, layout_long_grid,
          dpeg_slime_entry_enclosed_altar, chequers_serial_rivers_micro_a
Shoals:1: layout_shoals
Shoals:2: layout_shoals, nicolae_shoals_drake_roost
Shoals:3: layout_shoals, lemuel_oklob_altar
Shoals:4: shoals_end_grunt_ice, layout_shoals
Snake:1:  layout_misc_corridors, serial_bayou_pond_a, abandoned_shop,
          serial_bayou_pond_c
Snake:2:  layout_grid_maze, serial_shops, nicolae_shop_statue_plus
Snake:3:  layout_grid_maze, serial_shops, nicolae_shop_behind_doors,
          hangedman_venom_bottle, minmay_shop_grove
Snake:4:  snake_pit, layout_basic, serial_shops, shop
Orc:1:    layout_caves
Orc:2:    st_orc_elflike, layout_caves, uniq_azrael
Vaults:1: v_pattern_5, hangedman_vaults_stretched_pinwheel,
          nicolae_vaults_rhombus_7, vaults_dpeg_doors,
          nicolae_vaults_angled_halls, v_misc_3,
          nicolae_vaults_diagonal_hallway_6, ontoclasm_vaults_hangar, v_misc_29,
          v_misc_9, vaults_room_hangedman_quadrants, v_misc_32,
          hangedman_vaults_trim, nicolae_vaults_little_ls, layout_vaults_ring,
          serial_hangedman_research, hangedman_research_geology,
          hangedman_research_electronics
Vaults:2: hangedman_vaults_unwind, v_pattern_4, nicolae_vaults_circle_grid_b,
          hangedman_vaults_corner_blocks, nicolae_vaults_mini_display_case,
          v_misc_16, layout_vaults_quadrants, basic_altar, uniq_mennas,
          uniq_aizul

Skill      XL: |  1  2  3  4  5  6  7  8  9 10 11 12 13 14 15 16 17 18 19 20 |
---------------+-------------------------------------------------------------+-----
Slings         | 6 7 8 9 10 11 13 15 16 17 18 19 20 21 22 23 | 23.6
Fighting       | 2 3 4 5 7 8 9 10 11 12 13 14 15 16 | 16.1
Short Blades   | 1 2 3 4 5 7 8 10 12 13 14 15 16 | 16.0
Armour         | 1 4 7 8 10 11 12 13 | 13.2
Dodging        | 5 7 9 10 11 12 13 | 13.3
Shields        | 3 6 9 11 12 | 12.4
Invocations    | 4 7 9 10 | 10.0
Stealth        | |  1.1

Action                   |  1- 3 |  4- 6 |  7- 9 | 10-12 | 13-15 | 16-18 | 19-21 || total
-------------------------+-------+-------+-------+-------+-------+-------+-------++-------
Melee: Short sword       |   131 |   220 |   265 |       |       |       |       ||   616
       Rapier            |       |       |   164 |    88 |       |       |       ||   252
       Quick blade       |       |       |       |   781 |  1878 |  1698 |   329 ||  4686
 Fire: Hunting sling     |       |    64 |    77 |    17 |       |   721 |  2145 ||  3024
Invok: Heroism           |       |       |       |     2 |     8 |     2 |     4 ||    16
       Finesse           |       |       |       |     1 |     3 |     3 |     3 ||    10
Evoke: Wand              |       |       |     3 |       |    18 |       |       ||    21
  Use: Scroll            |     3 |     5 |     9 |    11 |     8 |     2 |     5 ||    43
       Potion            |       |       |     3 |       |     2 |     3 |     3 ||    11
 Stab: Distracted        |     1 |       |       |     2 |       |       |       ||     3
       Sleeping          |       |     1 |     2 |     1 |     6 |     5 |       ||    15
       Petrified         |       |       |       |       |     1 |       |       ||     1
  Eat: Chunk             |     3 |     6 |    10 |    15 |    31 |    24 |    23 ||   112
       Ration            |       |       |     2 |     2 |     5 |     4 |     2 ||    15
Armor: Leather armour    |     9 |       |       |       |       |       |       ||     9
       Ring mail         |    39 |    90 |   139 |    63 |       |       |       ||   331
       Acid dragon scale |       |       |       |    40 |   210 |   198 |   192 ||   640
Dodge: Dodged            |   117 |   203 |   304 |   383 |  1042 |   845 |   806 ||  3700
Block: Buckler           |       |       |       |    14 |   270 |   454 |   611 ||  1349

Table legend:
 A = Non-vault XP
 B = Vault XP
 C = Vault XP percentage of total XP
 D = Non-vault monster count
 E = Vault monster count
 F = Vault count percentage of total count
                 A         B        C        D         E       F
            +---------+---------+-------+---------+---------+-------
      Total |  278905 |  149561 |  34.9 |     951 |     382 |  28.7
            +---------+---------+-------+---------+---------+-------
        D:1 |      42 |       0 |   0.0 |      24 |       0 |   0.0
        D:2 |      83 |       0 |   0.0 |      22 |       0 |   0.0
        D:3 |     369 |     712 |  65.9 |      38 |       9 |  19.1
        D:4 |     525 |     211 |  28.7 |      17 |       1 |   5.6
        D:5 |     664 |     897 |  57.5 |      26 |      12 |  31.6
        D:6 |    1355 |     485 |  26.4 |      22 |       6 |  21.4
        D:7 |     811 |    5394 |  86.9 |      25 |      18 |  41.9
        D:8 |    1534 |    1671 |  52.1 |      20 |       6 |  23.1
        D:9 |    1594 |       3 |   0.2 |      11 |       2 |  15.4
       D:10 |    2719 |       0 |   0.0 |      28 |       0 |   0.0
       D:11 |    6056 |    2711 |  30.9 |      49 |       3 |   5.8
       D:12 |    4010 |     815 |  16.9 |      16 |       1 |   5.9
       D:13 |   15380 |   10788 |  41.2 |      43 |      22 |  33.8
       D:14 |   10835 |    1076 |   9.0 |      43 |      25 |  36.8
       D:15 |    8966 |    4227 |  32.0 |      36 |       7 |  16.3
     Lair:1 |    2421 |    5243 |  68.4 |      18 |      35 |  66.0
     Lair:2 |    5628 |       0 |   0.0 |      21 |       0 |   0.0
     Lair:3 |    4346 |    1398 |  24.3 |      15 |       3 |  16.7
     Lair:4 |    3146 |    3167 |  50.2 |      18 |      12 |  40.0
     Lair:5 |    1953 |       0 |   0.0 |       9 |       0 |   0.0
     Lair:6 |    6170 |    7406 |  54.6 |      25 |      25 |  50.0
   Shoals:1 |   16889 |       0 |   0.0 |      32 |       0 |   0.0
   Shoals:2 |    2044 |    2593 |  55.9 |       5 |       9 |  64.3
   Shoals:3 |   12634 |     535 |   4.1 |      20 |       1 |   4.8
   Shoals:4 |   14129 |   20933 |  59.7 |      28 |      33 |  54.1
    Snake:1 |   20814 |       0 |   0.0 |      38 |       0 |   0.0
    Snake:2 |   27204 |       0 |   0.0 |      54 |       0 |   0.0
    Snake:3 |   15551 |     448 |   2.8 |      25 |       1 |   3.8
    Snake:4 |   25036 |   28667 |  53.4 |      44 |      44 |  50.0
      Orc:1 |    1436 |     834 |  36.7 |      21 |       5 |  19.2
      Orc:2 |    3698 |    9828 |  72.7 |      26 |      28 |  51.9
   Vaults:1 |   32214 |   26782 |  45.4 |      79 |      52 |  39.7
   Vaults:2 |   28649 |    8880 |  23.7 |      53 |      10 |  15.9
   Gauntlet |       0 |    3857 | 100.0 |       0 |      12 | 100.0
            +---------+---------+-------+---------+---------+-------
